 Dungeon Crawl Stone Soup version 0.28-a0-2-g643f2454ad (webtiles) character file.

Game seed: 488906348692947811

403 Sin92 the Slasher (level 6, -10/48 HPs)
             Began as a Demonspawn Fighter on July 22, 2021.
             Mangled by an ogre (20 damage)
             ... on level 4 of the Dungeon.
             The game lasted 00:06:01 (3736 turns).

Sin92 the Slasher (Demonspawn Fighter)              Turns: 3736, Time: 00:06:02

Health: -10/48     AC: 10    Str: 16    XL:     6   Next: 55%
Magic:  6/6        EV:  8    Int:  9    God:
Gold:   214        SH:  9    Dex: 15    Spells: 5/5 levels left

rFire   . . .      SeeInvis .   a - +1 long sword (venom)
rCold   . . .      Faith    .   c - +0 kite shield
rNeg    . . .      Spirit   .   b - +0 scale mail
rPois   .          Reflect  .   (no helmet)
rElec   .          Harm     .   j - +0 cloak
rCorr   +          Rampage  .   (no gloves)
Will    .....                   (no boots)
Stlth   ..........              (no amulet)
HPRegen 0.16/turn               h - ring of resist corrosion
MPRegen 0.10/turn               (no ring)

@: no status effects
A: yellow scales 1, ignite blood 1
a: no special abilities


You were on level 4 of the Dungeon.
You visited 1 branch of the dungeon, and saw 6 of its levels.

You collected 214 gold pieces.

Inventory:

Hand Weapons
 a - a +1 long sword of venom (weapon)
 i - a +2 mace of protection
Armour
 b - a +0 scale mail (worn)
 c - a +0 kite shield (worn)
 j - a +0 cloak (worn)
Jewellery
 h - a ring of resist corrosion (left hand)
Wands
 f - a wand of acid (8)
Scrolls
 e - 2 scrolls of magic mapping {unknown}
 l - a scroll of enchant weapon
 m - a scroll of fear {unknown}
 n - 4 scrolls of teleportation
 o - 3 scrolls of identify
 p - a scroll of holy word
 r - a scroll of noise {unknown}
 s - a scroll of fog {unknown}
 t - a scroll of enchant armour {unknown}
Potions
 d - a potion of flight {unknown}
 g - 2 potions of attraction
 k - 3 potions of heal wounds {unknown}
 q - a potion of curing


   Skills:
 + Level 4.0 Fighting
 * Level 4.0 Long Blades
 + Level 3.6 Armour
 + Level 2.2 Dodging
 + Level 3.5 Shields


You had 5 spell levels left.
You didn't know any spells.
Your spell library contained the following spells:

 Spells                   Type           Power      Damage    Failure   Level
 Pain                     Necr           0%         1d4       99%         1
 Agony                    Necr           0%         N/A       100%        5
 Excruciating Wounds      Necr           0%         N/A       100%        5


Dungeon Overview and Level Annotations

Branches:
Dungeon (6/15)
 Temple: D:4-7

Altars:

Shops:
D:1 *


Innate Abilities, Weirdness & Mutations

You are partially covered in yellow scales. (AC +2)
Your demonic aura sometimes causes spilled blood to erupt in flames.


Message History

Key pressed, stopping explore.
No target in view!
No target in view!
Unknown command.
t - a scroll labelled INAZOTHR JOCVO No target in view!
Unknown command.
A quokka comes into view.
The quokka bites you.
You closely miss the quokka.
The quokka bites you but does no damage.
The quokka bites you.
A quokka is nearby!
Unknown command.
You slash the quokka!
You kill the quokka!
Unknown command.
An ogre comes into view. It is wielding a +0 giant club.
The ogre shouts!
Unknown command.
An ogre is nearby!
The ogre hits you with a +0 giant club!
You slash the ogre!
The ogre is poisoned.
The ogre is moderately wounded.
The ogre hits you with a +0 giant club!!
Ouch! That really hurt!
* * * LOW HITPOINT WARNING * * *
You are too injured to fight recklessly!
You are too injured to fight recklessly!
You barely miss the ogre.
The ogre is moderately wounded.
You block the ogre's attack.
You hit the ogre but do no damage.
The ogre looks as sick as possible!
The ogre is heavily wounded.
The ogre hits you with a +0 giant club.
* * * LOW HITPOINT WARNING * * *
You hit the ogre.
The ogre is almost dead.
The ogre hits you with a +0 giant club!!
You die...

#.#.# #.#.# #<#.#
#######.### ......†...#
##########.#.# #...#
#.#.# #.#.# #.#.# #.#@#
#.#.# #.#O# #.#.# #.#.#
#.#.# #.#.# #.#.# #.#..
#.# #.##########.#
#............#
########################
#.......................


You could see an ogre (extremely poisoned).

Vanquished Creatures
  A black bear (D:3)
  A necrophage (D:4)
  A centaur skeleton (D:3)
  Crazy Yiuf (D:3)
  4 gnolls (D:3)
  3 adders
  A howler monkey skeleton (D:4)
  An adder skeleton (D:4)
  A worm (D:2)
  2 dart slugs
  An orc (D:3)
  9 ball pythons
  2 endoplasms (D:3)
  A giant cockroach (D:3)
  6 goblins
  3 hobgoblins
  14 jackals
  5 quokkas
  6 bats
  2 frilled lizards
  11 kobolds
  A quokka skeleton (D:4)
  6 rats
83 creatures vanquished.

Notes
Turn   | Place    | Note
-------+----------+-------------------------------------------
     0 | D:1      | Sin92 the Demonspawn Fighter began the quest for the Orb.
     0 | D:1      | Reached XP level 1. HP: 18/18 MP: 1/1
     2 | D:1      | Noticed an octopode
     2 | D:1      | Noticed a djinni
     4 | D:1      | Noticed a draconian
     4 | D:1      | Noticed a vine stalker
     6 | D:1      | Noticed a palentonga
     6 | D:1      | Noticed a tengu
     8 | D:1      | Noticed a demigod
     8 | D:1      | Noticed a merfolk
    10 | D:1      | Noticed a ghoul
    10 | D:1      | Noticed a spriggan
    12 | D:1      | Noticed a demonspawn
    12 | D:1      | Noticed a felid
    14 | D:1      | Noticed an ogre
    14 | D:1      | Noticed a naga
    16 | D:1      | Noticed a gargoyle
    16 | D:1      | Noticed a minotaur
    18 | D:1      | Noticed a troll
    18 | D:1      | Noticed a barachi
    22 | D:1      | Noticed an elf
    22 | D:1      | Noticed a vampire
    24 | D:1      | Noticed a formicid
    26 | D:1      | Noticed a dwarf
    26 | D:1      | Noticed a human
   273 | D:1      | Gained mutation: Your demonic aura sometimes causes spilled
                  | blood to erupt in flames. [demonic ancestry]
   273 | D:1      | Reached XP level 2. HP: 23/24 MP: 2/2
   508 | D:1      | Found Iwner's General Store.
   852 | D:1      | Found a faded altar of an unknown god.
   857 | D:1      | Reached XP level 3. HP: 29/29 MP: 3/3
  1288 | D:2      | Reached skill level 1 in Dodging
  1888 | D:2      | Gained mutation: You are partially covered in yellow
                  | scales. (AC +2) [demonic ancestry]
  1888 | D:2      | Reached XP level 4. HP: 35/35 MP: 4/4
  2543 | D:3      | Reached XP level 5. HP: 28/41 MP: 5/5
  2935 | D:3      | Noticed a black bear
  2945 | D:3      | Killed a black bear
  2946 | D:3      | Reached XP level 6. HP: 29/48 MP: 6/6
  3064 | D:3      | Found a runed translucent door.
  3065 | D:3      | Noticed Crazy Yiuf
  3073 | D:3      | Killed Crazy Yiuf
  3582 | D:4      | You fall into a shaft and drop 2 floors!
  3596 | D:5      | Entered Level 5 of the Dungeon
  3736 | D:4      | Mangled by an ogre

Illustrated notes

Levels and vault maps discovered:
D:1:      kb_arrival_jail, layout_basic, serial_shops, shop_coins,
          basic_ecumenical_altar, minivault_5
D:2:      layout_basic, kennysheep_generic_room_14
D:3:      layout_loops_ring, uniq_crazy_yiuf_cottage
D:4:      layout_basic
D:5:      lemuel_insect_pit, layout_rooms, mainiacjoe_overflow_six_doors_small,
          uniq_eustachio
D:6:      layout_gridville, nicolae_uskayaw_dance_studio,
          lemuel_temple_firewalk_b, hex_tiny, grunt_ministairs_13

Skill      XL: |  1  2  3  4  5  6 |
---------------+-------------------+-----
Long Blades    | 2 3 4 |  4.0
Armour         | 3 |  3.6
Shields        | 3 |  3.5
Dodging        | 1 2 |  2.2
Fighting       | 4 |  4.0

Action                   |  1- 3 |  4- 6 || total
-------------------------+-------+-------++-------
Melee: Long sword        |   114 |   105 ||   219
  Use: Scroll            |     3 |     5 ||     8
       Potion            |       |     2 ||     2
Armor: Scale mail        |    73 |    53 ||   126
Dodge: Dodged            |    43 |    44 ||    87
Block: Kite shield       |    81 |    51 ||   132
       Rpst.: Long sword |    10 |    10 ||    20

Table legend: (Time is in decaauts)
 A = Elapsed time spent in this place.
 B = Non-inter-level travel time spent in this place.
 C = Inter-level travel time spent in this place.
 D = Time resting spent in this place.
 E = Time spent auto-exploring this place.
 F = Levels seen in this place.
 G = Mean time per level.
                   A        B        C        D        E       F      G
               +--------+--------+--------+--------+--------+-----+--------+
         Total |   3845 |   3785 |     60 |    313 |   2803 |   6 |  640.8 |
       Dungeon |   3845 |   3785 |     60 |    313 |   2803 |   6 |  640.8 |
               +--------+--------+--------+--------+--------+-----+--------+

Top non-repeatable levels by time:
     D:1: 1295 daAuts
     D:3: 1287 daAuts
     D:2: 729 daAuts
     D:4: 505 daAuts
     D:6: 13 daAuts
     D:5: 13 daAuts
